 Dungeon Crawl Stone Soup version 0.32-a0-314-g526f7d4993 (webtiles) character file.

Game seed: 6614934362705541019

1970 Newt the Nimble (level 9, -1/73 HPs)
             Began as a Merfolk Gladiator on Feb 15, 2024.
             Slain by Prince Ribbit (10 damage)
             ... on level 7 of the Dungeon.
             The game lasted 00:07:22 (7769 turns).

Newt the Nimble (Merfolk Gladiator)                 Turns: 7769, Time: 00:07:23

Health: -1/73      AC:  4    Str: 23    XL:     9   Next: 20%
Magic:  8/8        EV: 16    Int:  6    God:
Gold:   565        SH:  0    Dex: 14    Spells: 8/8 levels left

rFire   . . .        a - +0 trident
rCold   . . .        (no shield)
rNeg    . . .        b - +0 leather armour
rPois   .            (helmet restricted)
rElec   .            y - scarf {+Inv}
rCorr   .            o - +0 pair of gloves
SInv    .            (no boots)
Will    .....        (no amulet)
Stlth   +++          (no ring)
HPRegen 0.32/turn    (no ring)
MPRegen 0.11/turn

%: no passive effects
@: mighty
A: (nimble swimmer 2), mertail, horns 1, low MP 1, strong 1, wild magic 1
a: Evoke Invisibility


You were on level 7 of the Dungeon.
You visited 2 branches of the dungeon, and saw 8 of its levels.

You collected 565 gold pieces.

Inventory:

Hand Weapons
 a - a +0 trident (weapon)
Missiles
 d - a throwing net (quivered)
 e - 4 javelins
 A - 3 poisoned darts
 F - 4 atropa-tipped darts
Armour
 b - a +0 leather armour (worn)
 c - a +0 helmet
 o - a +0 pair of gloves (worn)
 y - a scarf of invisibility (worn)
Jewellery
 n - an amulet of faith
Wands
 s - a wand of digging (4)
 x - a wand of polymorph (9)
Scrolls
 g - 2 scrolls of teleportation
 i - 2 scrolls of enchant weapon
 j - a scroll of poison
 k - 4 scrolls of noise
 m - 2 scrolls of immolation
 t - 2 scrolls of fog
 u - a scroll of amnesia
 B - a scroll of blinking
 C - a scroll of fear {unknown}
 D - 2 scrolls of revelation
Potions
 f - 4 potions of curing
 h - a potion of degeneration {unknown}
 l - a potion of might
 p - a potion of invisibility {unknown}
 q - 2 potions of mutation
 r - 2 potions of attraction {unknown}
 w - a potion of ambrosia {unknown}
 z - a potion of heal wounds {unknown}
 E - a potion of haste {unknown}


   Skills:
 + Level 7.7 Fighting
 - Level 7.1 Polearms
 - Level 2.0 Throwing
 - Level 9.0 Dodging
 - Level 5.0 Stealth
 * Level 3.4 Evocations


You had 8 spell levels left.
You didn't know any spells.
Your spell library contained the following spells:

 Spells                   Type           Power      Damage    Failure   Level
 Freeze                   Ice            0%         1d3       58%         1
 Lesser Beckoning         Tloc           0%         N/A       73%         2
 Frozen Ramparts          Ice            0%         1d1       90%         3
 Fugue of the Fallen      Necr           0%         N/A       90%         3
 Gell's Gravitas          Tloc           0%         N/A       90%         3
 Hailstorm                Conj/Ice       0%         3d5       90%         3
 Ozocubu's Armour         Ice            0%         N/A       90%         3
 Teleport Other           Tloc           0%         N/A       90%         3
 Tukima's Dance           Hex            0%         N/A       90%         3
 Manifold Assault         Tloc           0%         N/A       100%        4
 Passage of Golubria      Tloc           0%         N/A       100%        4
 Yara's Violent Unravell  Hex/Alch       0%         3d3       100%        5


Dungeon Overview and Level Annotations

Branches:
Dungeon (7/15)             Temple (1/1) D:5

Altars:
Ashenzari
Cheibriados
Dithmenos
Elyvilon
Fedhas
Gozag
Kikubaaqudgha
Makhleb
Nemelex Xobeh
Okawaru
Qazlal
Sif Muna
Trog
Uskayaw
Vehumet
Yredelemnul
The Shining One

Annotations:
D:7 Maggie, Prince Ribbit


Innate Abilities, Weirdness & Mutations

((You are very nimble when in or above water. (Stealth+, EV+, Speed+++)))
Your lower body shifts to a powerful aquatic tail in water.
You have a pair of small horns on your head.
Your magical capacity is low. (-10% MP)
Your muscles are strong. (Str +4, Int/Dex -1)
Your spells are a little harder to cast, but a little more powerful.


Message History

Press: ? - help, Shift-Dir - straight line, f/p - Maggie
Aim: Maggie, wielding a +1 heavy morningstar and wearing +0 steam dragon scales (moderately wounded, mesmerising, entangled in a net, 90% to hit)
You throw a javelin.
The javelin barely misses Prince Ribbit.
The javelin pierces through Maggie!
Maggie is moderately wounded.
Maggie struggles against the net.
The net rips apart, and Maggie comes free!
Prince Ribbit barely misses you. Prince Ribbit misses you.
Unknown command.
Aiming: Paralyse
Press: ? - help, Shift-Dir - straight line, f/p - Maggie
Aim: Maggie, wielding a +1 heavy morningstar and wearing +0 steam dragon scales (moderately wounded, mesmerising, chance to affect: 58%) Maggie resists with significant effort.
Prince Ribbit completely misses you. Maggie misses you.
Unknown command.
Unknown command.
Unknown command.
Aiming: Paralyse
Press: ? - help, Shift-Dir - straight line, f/p - Maggie
Aim: Maggie, wielding a +1 heavy morningstar and wearing +0 steam dragon scales (moderately wounded, mesmerising, chance to affect: 58%) Maggie resists with significant effort.
Prince Ribbit hits you.
Unknown command.
Unknown command.
Aiming: Paralyse
Press: ? - help, Shift-Dir - straight line, f/p - Maggie
Aim: Maggie, wielding a +1 heavy morningstar and wearing +0 steam dragon scales (moderately wounded, mesmerising, chance to affect: 58%) Maggie resists with significant effort.
The now-empty wand crumbles to dust.
You break out of your daze.
Prince Ribbit catches a fly with his tongue.
Prince Ribbit hits you!
Maggie hits you with a +1 heavy morningstar!
* * * LOW HITPOINT WARNING * * *
Prince Ribbit hits you!
* * * LOW HITPOINT WARNING * * *
Unknown command.
It was a potion of might.
You feel very mighty all of a sudden. Prince Ribbit hits you!
You die...

.. #...##.#
... #...#..#
...##...#..#
...........#
...>...#..#
.......(..##
..F.##.....##
. ##F@...#
####@...##
#........# ..
#........##
...
#.........#
..#
#.........##
..#
#..........#
..#
##.........##
..##
#..........#
...#
#..........#


You could see Maggie and Prince Ribbit.

Vanquished Creatures
  Grinder (D:3)
  Menkaure (D:6)
  Edmund (D:4)
  Duvessa (D:6)
  2 black bears
  2 ogres
  A phantom (D:5)
  Blork the orc (D:4)
  A bullfrog (D:6)
  Dowan (D:6)
  A howler monkey (D:5)
  A bombardier beetle (D:4)
  4 orc priests
  Jessica (D:3)
  6 iguanas
  4 orc wizards
  7 gnolls
  6 adders
  2 white imps (D:5)
  2 ufetubi (D:5)
  3 dart slugs (D:2)
  17 orcs
  10 endoplasms
  3 giant cockroaches
  11 goblins
  5 hobgoblins
  6 kobolds
  5 quokkas
  7 ball pythons
  7 bats
  3 frilled lizards
  8 rats
131 creatures vanquished.

Notes
Turn   | Place    | Note
-------+----------+-------------------------------------------
     0 | D:1      | Newt the Merfolk Gladiator began the quest for the Orb.
     0 | D:1      | Reached XP level 1. HP: 16/16 MP: 1/1
    99 | D:1      | Reached XP level 2. HP: 23/23 MP: 2/2
   413 | D:1      | Reached skill level 5 in Polearms
   462 | D:1      | Reached XP level 3. HP: 28/28 MP: 3/3
   978 | D:2      | Reached XP level 4. HP: 35/35 MP: 4/4
  1219 | D:2      | Found a radiant altar of Vehumet.
  1262 | D:2      | Reached XP level 5. HP: 24/41 MP: 5/5
  1854 | D:3      | Found a hide-covered altar of Uskayaw.
  2418 | D:2      | Reached XP level 6. HP: 37/48 MP: 6/6
  2695 | D:3      | Reached skill level 5 in Dodging
  2721 | D:3      | Found an ancient bone altar of Kikubaaqudgha.
  2747 | D:3      | Found an opulent altar of Gozag.
  2750 | D:3      | Found a burning altar of Makhleb.
  2758 | D:3      | Found a shadowy altar of Dithmenos.
  2772 | D:3      | Found a broken altar of Ashenzari.
  2780 | D:3      | Noticed Jessica
  2792 | D:3      | Killed Jessica
  3075 | D:3      | Noticed Grinder
  3075 | D:3      | Paralysed by a gnoll for 3 turns
  3100 | D:3      | Killed Grinder
  3101 | D:3      | Reached skill level 5 in Fighting
  3101 | D:3      | Reached skill level 7 in Dodging
  3101 | D:3      | Reached XP level 7. HP: 12/56 MP: 7/7
  3501 | D:4      | Noticed Blork the orc
  3866 | D:4      | Killed Blork the orc
  3882 | D:4      | Noticed Edmund
  3893 | D:4      | Killed Edmund
  3894 | D:4      | Reached skill level 8 in Dodging
  4301 | D:4      | Reached XP level 8. HP: 23/64 MP: 8/8
  4566 | D:4      | Found a sparkling altar of Nemelex Xobeh.
  4734 | D:4      | Reached skill level 9 in Dodging
  5125 | D:4      | Reached skill level 1 in Stealth
  5415 | D:4      | Found a bloodstained altar of Trog.
  5608 | D:5      | Entered Level 5 of the Dungeon
  5613 | D:5      | Found a staircase to the Ecumenical Temple.
  5629 | Temple   | Entered the Ecumenical Temple
  5971 | D:5      | Gained mutation: Your muscles are strong. (Str +4, Int/Dex
                  | -1) [potion of mutation]
  5971 | D:5      | Gained mutation: You have a pair of small horns on your
                  | head. [potion of mutation]
  5971 | D:5      | Gained mutation: Your magical capacity is low. (-10% MP)
                  | [potion of mutation]
  5971 | D:5      | Gained mutation: Your spells are a little harder to cast,
                  | but a little more powerful. [potion of mutation]
  6600 | D:6      | Reached skill level 5 in Stealth
  6907 | D:6      | Noticed Menkaure
  6918 | D:6      | Killed Menkaure
  6919 | D:6      | Reached skill level 1 in Evocations
  6919 | D:6      | Reached XP level 9. HP: 38/72 MP: 8/8
  7062 | D:6      | Noticed Duvessa
  7063 | D:6      | Noticed Dowan
  7081 | D:6      | Killed Duvessa
  7087 | D:6      | Killed Dowan
  7750 | D:7      | Noticed Prince Ribbit
  7751 | D:7      | Noticed Maggie
  7769 | D:7      | Slain by Prince Ribbit

Illustrated notes

Levels and vault maps discovered:
D:1:      minmay_arrival_stone_box, layout_basic, minmay_bisected
D:2:      layout_basic, basic_altar
D:3:      layout_rooms, mainiacjoe_overflow_cross_hatched,
          mainiacjoe_overflow_concentric_impassable,
          grunt_temple_overflow_cloverleaf, roderic_serpentine_path,
          uniq_jessica, uniq_grinder
D:4:      layout_layer_cave, amcnicky_altar_gilded, trog_ov_bears_minmay,
          uniq_edmund, uniq_blork_the_orc
D:5:      layout_cave_pools, temple_pool_b
D:6:      layout_basic, bh_walls_and_bars, uniq_menkaure, uniq_duvessa
D:7:      layout_cave_pods, uniq_prince_ribbit1, uniq_pikel, uniq_joseph,
          uniq_maggie
Temple:   nicolae_temple_superstar

Skill      XL: |  1  2  3  4  5  6  7  8  9 |
---------------+----------------------------+-----
Polearms       | 5 6 7 |  7.1
Fighting       | 3 4 5 6 7 |  7.7
Dodging        | 7 8 9 |  9.0
Stealth        | 5 |  5.0
Evocations     | 1 3 |  3.4
Throwing       | |  2.0

Action                     |  1- 3 |  4- 6 |  7- 9 || total
---------------------------+-------+-------+-------++-------
  Melee: Trident           |   108 |   203 |   247 ||   558
         Unarmed           |       |       |    12 ||    12
         Headbutt          |       |       |    12 ||    12
         Tailslap          |       |       |     2 ||     2
  Throw: Javelin           |       |     7 |     6 ||    13
         Throwing net      |       |     2 |     2 ||     4
  Evoke: Wand              |       |       |     9 ||     9
    Use: Scroll            |       |     5 |     4 ||     9
         Potion            |       |     1 |     2 ||     3
   Stab: Sleeping          |     1 |     3 |     3 ||     7
         Held in net/web   |       |     1 |       ||     1
         Paralysed         |       |       |    17 ||    17
 Armour: Leather armour    |    40 |    96 |   100 ||   236
         Skin              |       |       |     3 ||     3
  Dodge: Dodged            |    56 |    82 |   181 ||   319

Table legend: (Time is in decaauts)
 A = Elapsed time spent in this place.
 B = Non-inter-level travel time spent in this place.
 C = Inter-level travel time spent in this place.
 D = Time resting spent in this place.
 E = Time spent auto-exploring this place.
 F = Levels seen in this place.
 G = Mean time per level.
                   A        B        C        D        E       F      G
               +--------+--------+--------+--------+--------+-----+--------+
         Total |   7752 |   7628 |    124 |   1777 |   4773 |   8 |  969.0 |
       Dungeon |   7750 |   7626 |    124 |   1777 |   4773 |   7 | 1107.1 |
        Temple |      1 |      1 |      0 |      0 |      0 |   1 |    1.0 |
               +--------+--------+--------+--------+--------+-----+--------+

Top non-repeatable levels by time:
     D:4: 1730 daAuts
     D:3: 1568 daAuts
     D:6: 1447 daAuts
     D:2: 1389 daAuts
     D:1: 916 daAuts
     D:5: 601 daAuts
     D:7: 97 daAuts
  Temple: 1 daAuts
